 Dungeon Crawl Stone Soup version 0.19-a0-585-ge40200b (webtiles) character file.

27939 Kidiri the Thaumaturge (level 13, -2/74 HPs)
             Began as a Deep Elf Fire Elementalist on June 9, 2016.
             Was a High Priest of Vehumet.
             Slain by Maud
             ... wielding a +2 great sword of electrocution
              (36 damage)
             ... on level 6 of the Lair of Beasts.
             The game lasted 01:20:54 (23316 turns).

Kidiri the Thaumaturge (DEFE)                      Turns: 23316, Time: 01:20:55

Health: -2/74      AC:  9    Str:  5    XL:     13   Next: 7%
Magic:  8/31       EV: 18    Int: 26    God:    Vehumet [*****.]
Gold:   736        SH:  0    Dex: 21    Spells: 11 memorised, 5 levels left

rFire  . . .     SeeInvis .     v - +8 whip of Hell's Wrath {flame, +Fly rElec Dex+4}
rCold  + . .     Gourm    .     f - +2 robe
rNeg   . . .     Faith    .     (no shield)
rPois  .         Spirit   .     (helmet restricted)
rElec  +         Dismiss  .     b - +0 cloak
rCorr  .         Reflect  .     (no gloves)
SustAt .         Harm     .     x - +0 pair of boots
MR     +....                    k - amulet of magic regeneration
Stlth  +++.......               q - ring of wizardry
                                E - ring of Illuck Mone {rC+ Dex+4}

@: repel missiles, somewhat resistant to hostile enchantments, fairly stealthy
A: hooves 1, horns 1, rugged brown scales 1, slimy green scales 1, clumsy 1,
sense surroundings 1, evolution 1, no device heal 1
a: Renounce Religion, Evoke Flight


You were on level 6 of the Lair of Beasts.
You worshipped Vehumet.
Vehumet was extremely pleased with you.
You were near starving.

You visited 3 branches of the dungeon, and saw 16 of its levels.

You collected 974 gold pieces.
You spent 238 gold pieces at shops.

Inventory:

Hand Weapons
 v - the +8 whip of Hell's Wrath (weapon) {flame, +Fly rElec Dex+4}
   (You found it on level 5 of the Dungeon)

   It has been specially enchanted to burn those struck by it, causing extra
   injury to most foes and up to half again as much damage against particularly
   susceptible opponents.
   It affects your dexterity (+4).
   It insulates you from electricity.
   It lets you fly.
 C - a +1 dagger of venom
Armour
 b - a +0 cloak (worn)
 d - a +0 large shield
 f - a +2 robe (worn)
 w - a +2 helmet
 x - a +0 pair of boots (worn)
Magical Staves
 B - an uncursed staff of fire
Jewellery
 k - an amulet of magic regeneration (around neck)
 q - a ring of wizardry (right hand)
 E - the ring of Illuck Mone (left hand) {rC+ Dex+4}
   (You found it on level 5 of the Lair of Beasts)

   [ring of protection from cold]

   It affects your dexterity (+4).
   It protects you from cold.
Wands
 u - a wand of acid (8/15)
 y - a wand of slowing (13/48)
 D - a wand of paralysis (13/24)
Scrolls
 a - 2 scrolls of teleportation
 l - 5 scrolls of remove curse
 r - 3 scrolls of noise
 z - 3 scrolls of amnesia
Potions
 e - 2 potions of might
 h - a potion of magic
 i - 2 potions of ambrosia
 j - 2 potions of curing
 m - 5 potions of agility
 n - 2 potions of cure mutation
 o - a potion of invisibility
 p - a potion of resistance
 t - 2 potions of brilliance
 A - a potion of flight
Comestibles
 c - 10 bread rations
 g - 5 meat rations
 s - 3 royal jellies


   Skills:
 + Level 5.0 Fighting
 + Level 5.5 Short Blades
 + Level 4.5 Armour
 + Level 7.5 Dodging
 - Level 2.4 Stealth
 + Level 4.8 Shields
 * Level 12.3 Spellcasting
 * Level 9.8 Conjurations
 * Level 9.6 Fire Magic
 * Level 7.8 Air Magic
 - Level 2.6 Earth Magic
 + Level 6.0 Evocations


You had 5 spell levels left.
You knew the following spells:

 Your Spells              Type           Power        Failure   Level  Hunger
a - Flame Tongue          Conj/Fire      #####        1%          1    None
b - Throw Flame           Conj/Fire      ######       1%          2    None
c - Conjure Flame         Conj/Fire      ######..     1%          3    None
d - Inner Flame           Hex/Fire       #####...     1%          3    None
e - Sticky Flame          Conj/Fire      ######..     1%          4    None
f - Fireball              Conj/Fire      ######....   1%          5    ###....
g - Repel Missiles        Chrm/Air       #####.       1%          2    None
h - Mephitic Cloud        Conj/Pois/Air  #####...     1%          3    None
i - Shock                 Conj/Air       ####         1%          1    None
j - Sandblast             Erth           ####..       1%          1    None
k - Poison Arrow          Conj/Pois      #####.....   13%         6    #####..


Dungeon Overview and Level Annotations

Branches:
Dungeon (9/15)             Temple (1/1) D:5            Lair (6/8) D:9
  Swamp (0/4) Lair:3       Spider (0/4) Lair:6
  Slime: Lair:6-8       Orc: D:9-12

Altars:
Ashenzari
Cheibriados
Dithmenos
Elyvilon
Fedhas
Gozag
Hepliaklqana
Kikubaaqudgha
Makhleb
Nemelex Xobeh
Okawaru
Pakellas
Qazlal
Ru
Sif Muna
Trog
Uskayaw
Vehumet
Xom
Zin
The Shining One

Shops:
D:9 [?:

Annotations:
Lair:6 Maud


Innate Abilities, Weirdness & Mutations

You have large cloven feet.
You have a pair of small horns on your head.
You are partially covered in rugged brown scales. (AC +1, +3% HP)
You are partially covered in slimy green scales. (AC +2)
You are clumsy. (Dex -2)
You passively map a small area around you.
You evolve.
Potions and wands are less effective at restoring your health.


Message History

You kill the yak!
Vehumet accepts your kill.
Maud hits you with a great sword of electrocution!
Unknown command.
Unknown command.
Unknown command.
Unknown command.
Unknown command.
Unknown command.
Unknown command.
Casting: Fireball
Confirm with . or Enter, or press ? or * to list all spells.
Aiming: Sticky Flame
Press: ? - help, Shift-Dir - straight line, f - Maud, p - yak
Aim: Maud, wielding a great sword of electrocution and wearing a plate armour (almost dead)
The sticky flame hits Maud.
Maud appears unharmed.
Maud is almost dead.
Maud is covered in liquid flames!
Maud burns!
The yak completely misses you.
Maud hits you with a great sword of electrocution!!!
You die...

.......†...........##..
...Y....................
,
.......................#
* .......†.........# ,
,...............P##
................# , ,,
...............P###
?.........@Y.....P.
..........Y@....... *
...................,
................... * ,,
...................
,,..................
.............###.
...........##
..........# , , , ,


You could see Maud (burning) and 2 yaks.

Vanquished Creatures
  3 hydras
  Urug (Lair:4)
  5 elephants (Lair:4)
  A black mamba (Lair:2)
  8 spiny frogs
  A rime drake (Lair:2)
  4 komodo dragons
  A queen bee (Lair:3)
  A two-headed ogre (D:9)
  A troll (D:9)
  Sigmund (D:2)
  A spriggan (D:7)
  5 wyverns
  32 yaks
  4 basilisks (Lair:3)
  5 hippogriffs
  6 vampire mosquitoes
  14 water moccasins
  11 porcupines
  2 black bears
  4 sky beasts
  3 ice beasts
  3 orc warriors
  7 ogres
  3 phantoms
  6 wolves
  A centaur (D:6)
  11 crocodiles
  9 giant frogs
  2 big kobolds
  7 scorpions
  35 killer bees
  5 electric eels
  4 wights (D:8)
  4 crimson imps
  A centaur zombie (D:6)
  2 giant frog zombies (D:9)
  2 quasits
  10 orc priests
  5 orc wizards
  8 hounds
  2 gnoll shamans
  6 jellies
  A giant frog skeleton (D:8)
  8 hell rats
  7 iguanas
  Terence (D:2)
  9 worker ants
  9 sheep
  2 hound zombies
  A hound skeleton (D:5)
  A howler monkey skeleton (D:4)
  8 gnolls
  10 adders
  60 river rats
  A shadow imp (D:5)
  An adder skeleton (D:6)
  A worm (D:4)
  6 dart slugs
  9 giant geckos
  28 orcs
  3 ball pythons
  6 giant cockroaches
  6 hobgoblins
  6 jackals
  4 quokkas
  5 bats
  2 giant gecko zombies
  3 giant newts
  6 goblins
  A jackal zombie (D:8)
  13 kobolds
  6 rats
  A butterfly (Lair:5)
472 creatures vanquished.

Vanquished Creatures (others)
  4 fungi
  4 plants
8 creatures vanquished.

Grand Total: 480 creatures vanquished

Notes
Turn   | Place    | Note
--------------------------------------------------------------
     0 | D:1      | Kidiri the Deep Elf Fire Elementalist began the quest for the Orb.
     0 | D:1      | Reached XP level 1. HP: 10/10 MP: 6/6
   427 | D:1      | Reached XP level 2. HP: 13/15 MP: 0/8
   431 | D:1      | Learned a level 2 spell: Throw Flame
  1206 | D:2      | Reached XP level 3. HP: 14/19 MP: 6/10
  1211 | D:2      | Learned a level 3 spell: Conjure Flame
  1215 | D:2      | Learned a level 3 spell: Inner Flame
  1431 | D:2      | Noticed Terence
  1440 | D:2      | Killed Terence
  1440 | D:2      | Reached skill level 4 in Spellcasting
  1617 | D:2      | Noticed Sigmund
  1632 | D:2      | Reached XP level 4. HP: 24/24 MP: 2/12
  2111 | D:2      | Killed Sigmund
  2111 | D:2      | Reached skill level 5 in Spellcasting
  2111 | D:2      | Reached XP level 5. HP: 16/28 MP: 5/15
  2143 | D:2      | HP: 1/28 [poisoned by an adder]
  2679 | D:2      | Found an iron altar of Okawaru.
  2691 | D:2      | Gained mutation: You are partially covered in rugged brown scales. (AC +1, +3% HP) [potion of mutation]
  2691 | D:2      | Gained mutation: You passively map a small area around you. [potion of mutation]
  2691 | D:2      | Gained mutation: You are partially covered in slimy green scales. (AC +2) [potion of mutation]
  2707 | D:2      | Learned a level 4 spell: Sticky Flame
  2805 | D:3      | Reached XP level 6. HP: 32/32 MP: 13/16
  3114 | D:3      | Reached skill level 5 in Fire Magic
  3505 | D:3      | Reached skill level 1 in Short Blades
  3667 | D:4      | Noticed an orc warrior
  3812 | D:4      | Found a burning altar of Makhleb.
  3823 | D:4      | Reached skill level 6 in Spellcasting
  3910 | D:4      | Reached XP level 7. HP: 38/38 MP: 15/18
  3917 | D:4      | Learned a level 5 spell: Fireball
  3936 | D:4      | Reached skill level 1 in Armour
  4177 | D:4      | Reached skill level 1 in Fighting
  4202 | D:4      | Reached skill level 1 in Shields
  4863 | D:4      | Reached skill level 5 in Conjurations
  4863 | D:4      | Reached XP level 8. HP: 44/44 MP: 6/20
  4945 | D:4      | Learned a level 2 spell: Repel Missiles
  5340 | D:5      | Entered Level 5 of the Dungeon
  5343 | D:5      | Reached skill level 1 in Air Magic
  5343 | D:5      | Reached skill level 7 in Spellcasting
  5490 | D:5      | Gained mutation: Potions and wands are less effective at restoring your health. [mutagenic meat]
  5491 | D:5      | Gained mutation: You tend to lose your temper in combat. [mutagenic meat]
  5495 | D:5      | Gained mutation: You have large cloven feet. [mutagenic meat]
  5496 | D:5      | Gained mutation: You are clumsy. (Dex -2) [mutagenic meat]
  5534 | D:5      | Got a smoking whip
  5535 | D:5      | Identified the +8 whip of Hell's Wrath {flame, +Fly rElec Dex+4} (You found it on level 5 of the Dungeon)
  5545 | D:5      | Found a shimmering altar of Xom.
  5546 | D:5      | Noticed an angel
  5547 | D:5      | Found a glowing silver altar of Zin.
  5578 | D:5      | Found a hide-covered altar of Uskayaw.
  5625 | D:5      | Found a glowing golden altar of the Shining One.
  5696 | D:5      | Found a staircase to the Ecumenical Temple.
  5706 | Temple   | Entered the Ecumenical Temple
  5994 | Temple   | Became a worshipper of Vehumet
  6244 | D:5      | Found a deep blue altar of Sif Muna.
  6707 | D:6      | Reached skill level 1 in Evocations
  6889 | D:6      | Reached XP level 9. HP: 35/50 MP: 17/22
  6896 | D:6      | Learned a level 3 spell: Mephitic Cloud
  7006 | D:6      | Reached skill level 8 in Spellcasting
  7220 | D:6      | Found a stormy altar of Qazlal.
  7220 | D:6      | Found a blossoming altar of Fedhas.
  7644 | D:7      | Found a white marble altar of Elyvilon.
  7776 | D:7      | Reached * piety under Vehumet
  7776 | D:7      | Offered knowledge of Shock by Vehumet.
  7782 | D:7      | Learned a level 1 spell: Shock
  8581 | D:7      | Found a snail-covered altar of Cheibriados.
  8582 | D:7      | Found a bloodstained altar of Trog.
  8586 | D:7      | Found an opulent altar of Gozag.
  9088 | D:8      | Reached skill level 9 in Spellcasting
  9483 | D:8      | Reached ** piety under Vehumet
  9656 | D:8      | Offered knowledge of Sandblast by Vehumet.
  9656 | D:8      | Reached XP level 10. HP: 20/57 MP: 10/25
  9850 | D:8      | Learned a level 1 spell: Sandblast
  9912 | D:9      | Reached skill level 5 in Dodging
 10547 | D:9      | Offered knowledge of Static Discharge by Vehumet.
 10866 | D:9      | Found Mill's Magic Scroll Emporium.
 10959 | D:9      | Bought a scroll of identify for 30 gold pieces
 10959 | D:9      | Bought 3 scrolls of identify for 90 gold pieces
 10959 | D:9      | Bought a scroll of identify for 30 gold pieces
 10959 | D:9      | Bought a scroll of identify for 30 gold pieces
 10969 | D:9      | Gained mutation: You evolve. [potion of beneficial mutation]
 10999 | D:9      | Found Byschoik's Armour Emporium.
 11025 | D:9      | Reached skill level 5 in Air Magic
 11057 | D:9      | Bought a +0 pair of boots for 58 gold pieces
 11083 | D:9      | Reached *** piety under Vehumet
 11445 | D:9      | Found Berefad's Book Emporium.
 11563 | D:9      | Reached skill level 1 in Earth Magic
 11872 | D:9      | Found a staircase to the Lair.
 11955 | D:9      | Reached skill level 10 in Spellcasting
 12074 | D:9      | Offered knowledge of Fulminant Prism by Vehumet.
 12249 | Lair:1   | Entered Level 1 of the Lair of Beasts
 12254 | Lair:1   | Reached XP level 11. HP: 61/61 MP: 22/27
 13090 | Lair:1   | Noticed a four-headed hydra
 13097 | Lair:1   | Killed a four-headed hydra
 13097 | Lair:1   | Reached **** piety under Vehumet
 13506 | Lair:2   | Offered knowledge of Force Lance by Vehumet.
 15481 | Lair:3   | Noticed a six-headed hydra
 15497 | Lair:3   | Killed a six-headed hydra
 15516 | Lair:2   | Reached skill level 11 in Spellcasting
 16141 | Lair:3   | HP: 1/62 [river rat (10)]
 16460 | Lair:3   | Reached XP level 12. HP: 37/67 MP: 8/29
 16466 | Lair:3   | Reached ***** piety under Vehumet
 16508 | Lair:3   | Offered knowledge of Poison Arrow by Vehumet.
 16790 | Lair:3   | Learned a level 6 spell: Poison Arrow
 16807 | Lair:3   | Reached skill level 5 in Evocations
 18122 | Lair:3   | Reached skill level 5 in Short Blades
 18144 | Lair:3   | Found a staircase to the Swamp.
 18360 | Lair:3   | Lost mutation: You tend to lose your temper in combat. [evolution]
 18949 | Lair:4   | Noticed Urug
 19134 | Lair:4   | Killed Urug
 19856 | Lair:4   | Reached skill level 12 in Spellcasting
 21087 | Lair:5   | Offered knowledge of Spellforged Servitor by Vehumet.
 21185 | Lair:5   | Got a smoking silver ring
 21186 | Lair:5   | Identified the ring of Illuck Mone {rC+ Dex+4} (You found it on level 5 of the Lair of Beasts)
 21207 | Lair:5   | Noticed a five-headed hydra
 21217 | Lair:5   | Killed a five-headed hydra
 21707 | Lair:5   | Gained mutation: You have a pair of small horns on your head. [evolution]
 22306 | Lair:6   | Reached skill level 5 in Fighting
 22306 | Lair:6   | Reached XP level 13. HP: 24/74 MP: 22/31
 22835 | Lair:6   | Found a hole to the Spider Nest.
 23274 | Lair:6   | Noticed Maud
 23316 | Lair:6   | Slain by Maud

Vault maps used:
D:1:      shiori_arrival_maze
D:2:      okawaru_gym_becter, nicolae_overflow_hidden_temple, uniq_terence,
          uniq_sigmund
D:3:      first_bread, minivault_25
D:4:      bloody_makhleb, hangedman_decor_push
D:5:      grunt_temple_overflow_order_and_chaos_1, kennysheep_mini,
          eat_drink_and_be_merry_uskayaw, lemuel_blue_sif_altar,
          lemuel_temple_firewalk_marked, kennysheep_generic_room_6
D:6:      grunt_temple_overflow_forces_of_nature
D:7:      minitemple, elyvilon_altar_4, the_bakery
D:8:      hangedman_decor_points
D:9:      erik_lair_island, serial_shops,
          nicolae_shop_competitors_out_of_business, shop_coins,
          nicolae_shop_window_shopping
Temple:   hc_temple_tempest_star
Lair:2:   serial_bayou_shore_a, serial_bayou_shore_b
Lair:3:   regret_index_tunnel_blossom, minmay_swamp_entry_swarm
Lair:4:   uniq_urug
Lair:5:   serial_bayou_pond_e, grunt_megastairs_1, infiniplex_staircase_pool,
          lemuel_fruit_fields
Lair:6:   spider_nest_entry_a, serial_bayou_pond_a, uniq_maud

Skill      XL: |  1  2  3  4  5  6  7  8  9 10 11 12 13 |
---------------+----------------------------------------+-----
Conjurations   | 2 3 4 5 7 8 9 |  9.8
Spellcasting   | 4 5 6 7 9 10 11 12 | 12.3
Fire Magic     | 4 5 6 7 8 9 |  9.6
Short Blades   | 1 2 3 4 5 |  5.5
Armour         | 1 2 3 4 |  4.5
Fighting       | 1 2 3 4 5 |  5.0
Dodging        | 3 4 5 6 7 |  7.5
Shields        | 1 2 3 4 |  4.8
Air Magic      | 2 4 5 6 7 |  7.8
Evocations     | 1 2 3 4 5 6 |  6.0
Earth Magic    | 2 |  2.6
Stealth        | |  2.4

Action                   |  1- 3 |  4- 6 |  7- 9 | 10-12 | 13-15 || total
-------------------------+-------+-------+-------+-------+-------++-------
Melee: Dagger            |    13 |     9 |    12 |       |       ||    34
       Whip              |       |       |    42 |   214 |     4 ||   260
       Kick              |       |       |     7 |     3 |       ||    10
       Staff             |       |       |       |    35 |     9 ||    44
       Headbutt          |       |       |       |     2 |     3 ||     5
 Cast: Flame Tongue      |    43 |    41 |   224 |   349 |     3 ||   660
       Throw Flame       |    11 |    29 |    67 |   123 |     1 ||   231
       Inner Flame       |       |     2 |     1 |    11 |     1 ||    15
       Conjure Flame     |       |     1 |     4 |     9 |       ||    14
       Sticky Flame      |       |       |    20 |   118 |     8 ||   146
       Fireball          |       |       |     5 |    18 |     9 ||    32
       Repel Missiles    |       |       |     2 |     1 |       ||     3
Evoke: Wand              |       |       |     2 |       |       ||     2
  Use: Scroll            |     5 |     3 |     9 |    13 |       ||    30
       Potion            |       |     1 |     2 |     9 |       ||    12
 Stab: Sleeping          |       |       |     1 |     6 |       ||     7
  Eat: Royal jelly       |     1 |       |     1 |     1 |       ||     3
       Chunk             |       |     7 |    24 |    25 |     3 ||    59
       Fruit             |       |       |       |     6 |       ||     6
       Meat ration       |       |       |       |     1 |       ||     1
       Beef jerky        |       |       |       |     2 |       ||     2
       Pizza             |       |       |       |     1 |       ||     1
Armor: Robe              |    18 |     7 |    56 |   107 |     7 ||   195
Dodge: Dodged            |    52 |    26 |   123 |   437 |    34 ||   672
       Deflected         |       |       |     4 |     4 |       ||     8
